 Dungeon Crawl Stone Soup version 0.30.0-29-ga12c61a403 (webtiles) character file.

Game seed: 1978634794345148134

1264 olmar the Cudgeller (level 8, 0/42 HPs)
             Began as a Vine Stalker Fighter on June 8, 2023.
             Succumbed to a water moccasin's poison
             ... on level 6 of the Dungeon.
             The game lasted 00:06:32 (4996 turns).

olmar the Cudgeller (Vine Stalker Fighter)          Turns: 4996, Time: 00:06:32

Health: 0/42       AC:  9    Str: 20    XL:     8   Next: 52%
Magic:  2/9        EV:  9    Int:  8    God:
Gold:   342        SH: 12    Dex: 27    Spells: 7/7 levels left

rFire   . . .        a - +0 flail
rCold   . . .        c - +0 buckler
rNeg    . . .        l - +0 chain mail
rPois   .            (no helmet)
rElec   .            u - scarf {shadows}
rCorr   .            (no gloves)
SInv    .            (no boots)
Will    +....        j - amulet of reflection Stlth
                     o - +6 ring of dexterity
HPRegen 1.07/turn    B - +6 ring of dexterity
MPRegen 0.11/turn

%: reflection, guardian spirit
@: lethally poisoned (0 -> -8)
A: fangs 3, regeneration 1, magic shield, antimagic bite, no potion heal 2
a: no special abilities


You were on level 6 of the Dungeon.
You visited 1 branch of the dungeon, and saw 6 of its levels.

You collected 342 gold pieces.

Inventory:

Hand Weapons
 a - a +0 flail (weapon)
 C - the +7 falchion "Zayxosm" {pain, Will+}
   (You took it off an orc on level 5 of the Dungeon)

   Will:      It increases your willpower.
Missiles
 t - 7 poisoned darts (quivered)
 D - 2 boomerangs
Armour
 c - a +0 buckler (worn)
 l - a +0 chain mail (worn)
 u - a scarf of shadows (worn)
Jewellery
 j - an amulet of reflection (around neck)
 o - a +6 ring of dexterity (left hand)
 B - a +6 ring of dexterity (right hand)
Wands
 r - a wand of paralysis (8)
 v - a wand of polymorph (8)
Scrolls
 e - 3 scrolls of teleportation
 m - a scroll of silence
 n - a scroll of summoning
 p - a scroll of fog
 q - a scroll of poison
 y - a scroll of enchant weapon
 z - a scroll of identify
Potions
 b - a potion of degeneration
 d - 7 potions of might
 f - a potion of resistance
 g - a potion of flight
 h - a potion of heal wounds
 i - a potion of lignification {unknown}
 k - 3 potions of ambrosia {unknown}
 s - a potion of magic {unknown}
 x - a potion of brilliance {unknown}


   Skills:
 + Level 4.3 Fighting
 + Level 6.0 Maces & Flails
 + Level 4.7 Armour
 + Level 1.7 Dodging
 + Level 1.2 Stealth
 + Level 4.2 Shields


You had 7 spell levels left.
You didn't know any spells.
Your spell library contained the following spells:

 Spells                   Type           Power      Damage    Failure   Level
 Sublimation of Blood     Necr           0%         N/A       99%         2
 Wereblood                Tmut           0%         N/A       99%         2
 Dazzling Flash           Conj/Hex       0%         N/A       100%        3
 Fulminant Prism          Conj/Hex       0%         3d5       100%        4
 Silence                  Hex/Air        0%         N/A       100%        5
 Summon Hydra             Summ           0%         N/A       100%        7


Dungeon Overview and Level Annotations

Branches:
Dungeon (6/15)
 Temple: D:4-7

Altars:
Dithmenos
Kikubaaqudgha
Nemelex Xobeh

Shops:
D:3 ?

Portals:
Abyss: D:4

Annotations:
D:4 2 transporters, Yashakami's ghost, amateur MiFi


Innate Abilities, Weirdness & Mutations

You have razor-sharp teeth.
Your natural rate of healing is unusually fast.
When hurt, damage is shared between your health and your magic reserves.
Your bite disrupts and absorbs the magic of your enemies.
Potions cannot restore your health.


Message History

You are too injured to fight recklessly!
You are too injured to fight recklessly!
Unknown command.
Unknown command.
You are too injured to fight recklessly!
You are too injured to fight recklessly!
Aiming: Paralyse
Press: ? - help, Shift-Dir - straight line, f - water moccasin
Aim: a water moccasin (heavily wounded, chance to affect: 49%)
The water moccasin resists with some effort.
* * * LOW HITPOINT WARNING * * *
You feel extremely sick.
You block the water moccasin's attack. x2
Unknown command.
Aiming: Paralyse
Press: ? - help, Shift-Dir - straight line, f/p - water moccasin
Aim: a water moccasin (heavily wounded, chance to affect: 49%)
The water moccasin resists with some effort.
* * * LOW HITPOINT WARNING * * *
You feel very sick.
The water moccasin bites you but does no damage.
Unknown command.
Aiming: Paralyse
Press: ? - help, Shift-Dir - straight line, f/p - water moccasin
Aim: a water moccasin (heavily wounded, chance to affect: 49%)
The water moccasin resists with some effort.
* * * LOW HITPOINT WARNING * * *
You feel very sick. The water moccasin closely misses you.
The water moccasin bites you.
* * * LOW HITPOINT WARNING * * *
Unknown command.
Okay, then.
Okay, then.
Okay, then.
Okay, then.
Aiming: Paralyse
Press: ? - help, Shift-Dir - straight line, f/p - water moccasin
Aim: a water moccasin (heavily wounded, chance to affect: 49%)
The water moccasin suddenly stops moving!
You die...

#.# #.#
#.# #.#
#.# # #.#
###. #.#
.....##<#
.....S@.#
###..####
#. #


You could see a water moccasin (paralysed).

Vanquished Creatures
  A steam dragon (D:6)
  2 ogres
  A phantom (D:5)
  2 bullfrogs (D:6)
  2 howler monkeys (D:4)
  A sleepcap (D:5)
  4 orc priests
  A hound (D:5)
  Jessica (D:3)
  5 iguanas
  6 orc wizards
  8 adders
  An ufetubus (D:6)
  7 worms
  3 dart slugs
  15 orcs
  4 bats
  11 endoplasms
  4 giant cockroaches
  7 goblins
  A hobgoblin (D:1)
  14 kobolds
  5 quokkas
  6 ball pythons
  6 frilled lizards
  5 rats
123 creatures vanquished.

Notes
Turn   | Place    | Note
-------+----------+-------------------------------------------
     0 | D:1      | olmar the Vine Stalker Fighter began the quest for the Orb.
     0 | D:1      | Reached XP level 1. HP: 11/11 MP: 2/2
   449 | D:1      | Reached XP level 2. HP: 15/16 MP: 3/3
   696 | D:1      | Reached skill level 2 in Maces & Flails
  1081 | D:2      | Found an ancient bone altar of Kikubaaqudgha.
  1094 | D:2      | Reached XP level 3. HP: 3/20 MP: 1/4
  1300 | D:2      | Gained mutation: Your natural rate of healing is unusually
                  | fast. [Vine Stalker growth]
  1300 | D:2      | Reached XP level 4. HP: 24/24 MP: 5/5
  1752 | D:3      | Noticed Jessica
  1760 | D:3      | Killed Jessica
  1761 | D:3      | Reached XP level 5. HP: 28/28 MP: 6/6
  1818 | D:3      | Found a shadowy altar of Dithmenos.
  1919 | D:3      | Found Toapt's Magic Scroll Shop.
  2076 | D:3      | Found a faded altar of an unknown god.
  2572 | D:3      | Reached skill level 3 in Maces & Flails
  2624 | D:3      | Identified the +2 shortbow of the Sea {drain, rCorr}
  2823 | D:4      | You fall into a shaft and drop 2 floors!
  2849 | D:6      | Reached XP level 6. HP: 26/32 MP: 5/7
  2916 | D:5      | Entered Level 5 of the Dungeon
  2998 | D:5      | Reached skill level 4 in Maces & Flails
  3134 | D:5      | Reached skill level 1 in Dodging
  3134 | D:5      | Reached XP level 7. HP: 31/37 MP: 8/8
  3623 | D:4      | Got the Atlas of Bewitchment
  3716 | D:4      | Noticed Yashakami's ghost (amateur MiFi)
  3731 | D:4      | Reached skill level 5 in Maces & Flails
  3803 | D:4      | Found a transporter.
  3932 | D:4      | Found a transporter.
  3969 | D:4      | Found a sparkling altar of Nemelex Xobeh.
  3991 | D:4      | Found a one-way gate to the infinite horrors of the Abyss.
  4127 | D:4      | Gained mutation: You have razor-sharp teeth. [Vine Stalker
                  | growth]
  4127 | D:4      | Reached XP level 8. HP: 42/42 MP: 9/9
  4819 | D:5      | Identified the +7 falchion "Zayxosm" {pain, Will+}
  4862 | D:6      | Reached skill level 6 in Maces & Flails
  4862 | D:6      | Reached skill level 1 in Stealth
  4995 | D:6      | HP: 2/42 [water moccasin (1)]
  4996 | D:6      | Succumbed to a water moccasin's poison

Illustrated notes

Levels and vault maps discovered:
D:1:      psy_arrival_basics, layout_basic, st_stairs_2
D:2:      minmay_alternating_diamond, layout_rooms, basic_altar,
          minmay_pentomino_w4
D:3:      minmay_octagon_keep, layout_basic, nicolae_dithmenos_shadow_blocks,
          serial_shops, nicolae_shop_tiny_waterfront,
          shapermc_ecumenical_altar_ellora, uniq_jessica
D:4:      layout_cave_pods, kennysheep_mini, gammafunk_ghost_abyssal_escape,
          chequers_serial_rivers_room_b, grunt_ministairs_1
D:5:      layout_basic
D:6:      minmay_skewed_foursquare, layout_loops_ring,
          nicolae_uskayaw_en_pointe, temple_fountains, minmay_misc_feat_roman,
          uniq_prince_ribbit1, uniq_sigmund

Skill      XL: |  1  2  3  4  5  6  7  8 |
---------------+-------------------------+-----
Maces & Flails | 2 3 4 5 6 |  6.0
Fighting       | 3 4 |  4.3
Shields        | 3 4 |  4.2
Armour         | 3 4 |  4.7
Dodging        | 1 |  1.7
Stealth        | 1 |  1.2

Action                     |  1- 3 |  4- 6 |  7- 9 || total
---------------------------+-------+-------+-------++-------
  Melee: Flail             |    81 |   172 |   146 ||   399
         Bite              |    22 |    34 |    53 ||   109
  Throw: Dart              |       |       |     1 ||     1
  Evoke: Wand              |       |       |     6 ||     6
    Use: Scroll            |     2 |     8 |     3 ||    13
         Potion            |       |       |     1 ||     1
   Stab: Paralysed         |       |       |     4 ||     4
 Armour: Scale mail        |    39 |     6 |       ||    45
         Chain mail        |       |    92 |    37 ||   129
  Dodge: Dodged            |    24 |    79 |    34 ||   137
  Block: Buckler           |    17 |    52 |    73 ||   142
         Reflection        |       |       |     2 ||     2
